 Dungeon Crawl Stone Soup version 0.30-a0-737-gf23d94013f (webtiles) character file.

Game seed: 9043358859907321177

19 krgfvk the Trooper (level 2, -9/27 HPs)
             Began as a Minotaur Fighter on Feb 2, 2023.
             Mangled by Crazy Yiuf
             ... wielding a +3 quarterstaff of chaos
              (16 damage)
             ... on level 2 of the Dungeon.
             The game lasted 00:02:23 (321 turns).

krgfvk the Trooper (Minotaur Fighter)                Turns: 321, Time: 00:02:24

Health: -9/27      AC:  7    Str: 20    XL:     2   Next: 55%
Magic:  1/1        EV: 14    Int:  5    God:
Gold:   32         SH:  4    Dex:  9    Spells: 1/1 levels left

rFire   . . .      SeeInvis .    a - +0 war axe
rCold   . . .      Faith    .    c - +0 buckler
rNeg    . . .      Spirit   .    b - +0 scale mail
rPois   .          Reflect  .    (helmet restricted)
rElec   .          Harm     .    (no cloak)
rCorr   .          Rampage  .    (no gloves)
Will    .....                    (no boots) Stlth
                                 (no amulet)
HPRegen 0.24/turn                (no ring)
MPRegen 0.07/turn                (no ring)

@: agile
A: horns 2, retaliatory headbutt
a: no special abilities


You were on level 2 of the Dungeon.
You visited 1 branch of the dungeon, and saw 2 of its levels.

You collected 32 gold pieces.

Inventory:

Hand Weapons
 a - a +0 war axe (weapon)
Armour
 b - a +0 scale mail (worn)
 c - a +0 buckler (worn)
Scrolls
 e - a scroll of summoning {unknown}
 f - a scroll of magic mapping {unknown}
Potions
 d - a potion of might


   Skills:
 + Level 3.9 Fighting
 + Level 2.8 Axes
 + Level 3.9 Armour
 + Level 0.9 Dodging
 + Level 3.9 Shields


You had one spell level left.
You didn't know any spells.
Your spell library contained the following spells:

 Spells                   Type           Power      Damage    Failure   Level
 Scorch                   Fire           0%         2d5       96%         2
 Flame Wave               Conj/Fire      0%         2d4       100%        4
 Summon Cactus Giant      Summ           0%         N/A       100%        6


Dungeon Overview and Level Annotations

Branches:
Dungeon (1/15)

Altars:

Annotations:
D:2 Crazy Yiuf


Innate Abilities, Weirdness & Mutations

You have a pair of horns on your head.
You reflexively headbutt those who attack you in melee.


Message History

No target in view!
A hobgoblin comes into view.
The hobgoblin shouts!
A hobgoblin is nearby!
Found a ring mail.
The hobgoblin hits you but does no damage.
You hit the hobgoblin.
You kill the hobgoblin!
No target in view!
No target in view!
No target in view!
No target in view!
No target in view!
No target in view!
A sourceless malevolence fills the Dungeon...
You fall into a shaft and drop 1 floor!
The shaft crumbles and collapses.
Found 14 gold pieces and two hammers.
Found a ring mail.
You now have 32 gold pieces (gained 14).
You see here a +0 hammer.
You see here a +0 hammer.
Found a runed hammer.
Found a runed translucent door.
Crazy Yiuf shouts!
Crazy Yiuf yells, "Ghoul King Orb Guardian!"
You open the door. You closely miss Crazy Yiuf.
Crazy Yiuf hits you with a +3 quarterstaff of chaos!
You blink.
Crazy Yiuf flaps his cloak.
You hit Crazy Yiuf.
Crazy Yiuf is moderately wounded.
Crazy Yiuf hits you with a +3 quarterstaff of chaos!
* * * LOW HITPOINT WARNING * * *
You feel agile all of a sudden.
You hit Crazy Yiuf. Your headbutt misses Crazy Yiuf.
Crazy Yiuf is heavily wounded.
Crazy Yiuf hits you with a +3 quarterstaff of chaos!
Ouch! That really hurt!
You die...

### ♣♣#### #)..#♣♣
♣♣..#.####
#...'g♣♣♣♣........#
#...#♣@.♣.....)#.......
### ♣♣♣.♣.).####.#...[
♣♣♣♣♣## .# ... . # ..
.# ##


You could see Crazy Yiuf.

Vanquished Creatures
  A dart slug (D:1)
  3 ball pythons (D:1)
  A bat (D:1)
  A giant cockroach (D:1)
  2 goblins (D:1)
  3 hobgoblins (D:1)
  2 kobolds (D:1)
  A rat (D:1)
14 creatures vanquished.

Notes
Turn   | Place    | Note
-------+----------+-------------------------------------------
     0 | D:1      | krgfvk the Minotaur Fighter began the quest for the Orb.
     0 | D:1      | Reached XP level 1. HP: 19/19 MP: 0/0
    94 | D:1      | Reached XP level 2. HP: 20/27 MP: 1/1
   300 | D:1      | You fall into a shaft and drop 1 floor!
   313 | D:2      | Found a runed translucent door.
   314 | D:2      | Noticed Crazy Yiuf
   321 | D:2      | Mangled by Crazy Yiuf

Illustrated notes

Levels and vault maps discovered:
D:1:      lightli_arrival_boilingwater, layout_rooms, minivault_19,
          minmay_misc_feat_alley
D:2:      layout_loops_ring, hellmonk_ecumenical_altar_inner_sanctum,
          uniq_crazy_yiuf_cottage

Action                     || total
---------------------------++-------
  Melee: War axe           ||    33
         Headbutt          ||     2
 Armour: Scale mail        ||    18
  Dodge: Dodged            ||    14
  Block: Buckler           ||     5

Table legend: (Time is in decaauts)
 A = Elapsed time spent in this place.
 B = Non-inter-level travel time spent in this place.
 C = Inter-level travel time spent in this place.
 D = Time resting spent in this place.
 E = Time spent auto-exploring this place.
 F = Levels seen in this place.
 G = Mean time per level.
                   A        B        C        D        E       F      G
               +--------+--------+--------+--------+--------+-----+--------+
         Total |    336 |    336 |      0 |      0 |    228 |   2 |  168.0 |
       Dungeon |    336 |    336 |      0 |      0 |    228 |   2 |  168.0 |
               +--------+--------+--------+--------+--------+-----+--------+

Top non-repeatable levels by time:
     D:1: 314 daAuts
     D:2: 21 daAuts
